 Dungeon Crawl Stone Soup version 0.13-a0-2484-gc765b08 (webtiles) character file.

314 Rycklaryybbe the Covert (level 4, -1/22 HPs)
             Began as a Spriggan Assassin on July 20, 2013.
             Killed by divine providence
             ... invoked by an orc priest
              (13 damage)
             ... on Level 3 of the Dungeon.
             The game lasted 00:06:56 (2763 turns).

Rycklaryybbe the Covert (Spriggan Assassin)         Turns: 2763, Time: 00:06:56

HP  -1/22        AC  3     Str  7      XL: 4   Next: 82%
MP   7/7         EV 19     Int 12      God:
Gold 189         SH  0     Dex 18      Spells:  0 memorised,  3 levels left

Res.Fire  : . . .   See Invis. : +   a - +2 dagger {=f}
Res.Cold  : . . .   Warding    : .   B - +0 robe
Life Prot.: . . .   Conserve   : .   (shield restricted)
Res.Poison: .       Res.Corr.  : .   (helmet restricted)
Res.Elec. : .       Clarity    : .   d - +0 cloak
Sust.Abil.: . .     Spirit.Shd : .   (gloves unavailable)
Res.Mut.  : .       Stasis     : .   (boots unavailable)
Res.Rott. : .       Flight     : .   (no amulet)
Saprovore : . . .                    (no ring)
                                     (no ring)

@: very quick, slightly resistant to hostile enchantments, very stealthy
A: unfitting armour, see invisible, herbivore 3, speed 3, slow metabolism 2
a: no special abilities


You were on level 3 of the Dungeon.
You were not hungry.

You visited 1 branch of the dungeon, and saw 3 of its levels.

You collected 139 gold pieces.

Inventory:

Hand weapons
 a - a +2,+2 dagger (weapon) {=f}
 b - a +0 blowgun
 m - a +0,+0 dagger
 o - a cursed -2,+0 dwarven dagger
Missiles
 e - 10 poisoned needles
 f - 2 curare-tipped needles
 k - 23 stones (quivered)
 n - a dart
Armour
 c - a +0 robe
 d - a +0 cloak (worn)
 B - a +0 robe (worn)
Comestibles
 l - a pear
 r - an apricot
 z - an apple
 D - 2 bread rations
Scrolls
 h - 5 scrolls of remove curse {unknown}
 i - 6 scrolls of teleportation {unknown}
 q - 3 scrolls of amnesia {unknown}
 s - a scroll of curse armour {unknown}
 t - 5 scrolls of identify {unknown}
 u - 3 scrolls of curse weapon {unknown}
 v - a scroll of fog {unknown}
 w - a scroll of recharging {unknown}
 x - a scroll of noise {unknown}
 y - a scroll of random uselessness {unknown}
 A - a scroll of fear {unknown}
Potions
 g - a potion of porridge
 j - 3 potions of heal wounds {unknown}
 p - a potion of confusion {unknown}
 C - a potion of curing {unknown}


   Skills:
 - Level 1.5 Fighting
 - Level 2.1 Short Blades
 - Level 2.1 Throwing
 + Level 3.7 Dodging
 + Level 8.7 Stealth


You had 3 spell levels left.
You didn't know any spells.

Dungeon Overview and Level Annotations

Branches:
Dungeon (3/27)

Altars:


Innate Abilities, Weirdness & Mutations

You are tiny and cannot use many weapons and most armour.
You have supernaturally acute eyesight.
You are a herbivore.
You cover ground extremely quickly.
You need consume almost no food.


Message History

You hit the orc priest.
The orc priest is severely wounded.
The orc priest barely misses you.
You barely miss the orc priest.
The orc priest is severely wounded.
The orc priest misses you.
You closely miss the orc priest.
The orc priest is severely wounded.
You barely miss the orc priest.
The orc priest is severely wounded.
The orc priest hits you with an orcish flail.
You hit the orc priest.
The orc priest is almost dead.
The orc priest barely misses you.
You barely miss the orc priest.
The orc priest is almost dead.
The orc priest calls down the wrath of Beogh upon you.
Something smites you!
Ouch! That really hurt!
You die...

..........# #.### #...#
##........###.# #####...#####
#.........##.#######...(.......#
#.......#.##..o...............>.
##.........##..#.##.#...........#
........<........##.#####...#####
.###......###..####.# #...# .#
#.###### #..####.# #...#
.###......###...@o..# #...#
...........###.###########.######
####..###..# #.##.......##.##....
###.....#..###.##.#####.##.##.###
......#.....%.......###.##.##.###
####..###..####..................
#.......# #...#.###.##.......
#.(.....# #.........####.....
######### #.#.#.######......[


You could see an orc priest.

Vanquished Creatures
  4 gnolls
  An adder (D:2)
  5 giant geckos
  An orc (D:3)
  2 ball pythons
  10 bats
  4 giant cockroaches
  8 hobgoblins
  9 jackals
  7 kobolds
  An ooze (D:1)
  A giant newt (D:1)
  10 goblins
  A quokka (D:2)
  A rat (D:1)
65 creatures vanquished.

Vanquished Creatures (others)
  4 toadstools (D:1)
4 creatures vanquished.

Grand Total: 69 creatures vanquished

Notes
Turn   | Place    | Note
--------------------------------------------------------------
     0 | D:1      | Rycklaryybbe, the Spriggan Assassin, began the quest for the Orb.
     0 | D:1      | Reached XP level 1. HP: 10/10 MP: 1/1
    31 | D:1      | Reached skill level 6 in Stealth
   103 | D:1      | Reached XP level 2. HP: 7/14 MP: 3/3
   331 | D:1      | Reached skill level 7 in Stealth
   779 | D:1      | Reached XP level 3. HP: 18/18 MP: 5/5
  1495 | D:2      | Reached skill level 8 in Stealth
  1506 | D:2      | Reached XP level 4. HP: 22/22 MP: 7/7
  2763 | D:3      | Killed from afar by an orc priest

Action                   |  1- 3 |  4- 6 || total
-------------------------+-------+-------++-------
Melee: Dagger            |   107 |   116 ||   223
 Fire: Blowgun           |     9 |     3 ||    12
Throw: Dart              |     5 |       ||     5
       Stone             |     9 |       ||     9
       Dagger            |     3 |       ||     3
 Stab: Sleeping          |     8 |     8 ||    16
